[Event "FICS rated blitz game"]
[Site "FICS freechess.org"]
[FICSGamesDBGameNo "20002950"]
[White "artu"]
[Black "Spacefrog"]
[WhiteElo "1402"]
[BlackElo "1319"]
[WhiteRD "na"]
[BlackRD "na"]
[TimeControl "180+0"]
[Date "1999.10.22"]
[Time "20:18:00"]
[WhiteClock "0:03:00.000"]
[BlackClock "0:03:00.000"]
[ECO "C68"]
[PlyCount "73"]
[Result "1-0"]

1. e4 e5 2. Nf3 Nc6 3. Bb5 a6 4. Bxc6 dxc6 5. O-O Nf6 6. h3 Bc5 7. Re1 Be6 8. Nxe5 Qd4 9. Nf3 Qxf2+ 10. Kh1 Bxh3 11. gxh3 O-O-O 12. Rf1 Qg3 13. d4 Qxh3+ 14. Kg1 Ng8 15. c3 Qg3+ 16. Kh1 h5 17. Nbd2 Bd6 18. Qe2 h4 19. e5 Bxe5 20. Nxe5 Qh3+ 21. Kg1 Qg3+ 22. Qg2 Rd5 23. Ndf3 Nf6 24. Nxf7 Rhh5 25. N7e5 Ne4 26. Qxg3 Nxg3 27. Rf2 h3 28. Kh2 Nf5 29. Bf4 Rd8 30. Nf7 Rf8 31. N7g5 g6 32. Nxh3 Rxh3+ 33. Kxh3 Rh8+ 34. Kg4 Ne7 35. Bg5 Rf8 36. Re2 Rf7 37. Rxe7 {Black forfeits on time} 1-0

[Event "FICS rated blitz game"]
[Site "FICS freechess.org"]
[FICSGamesDBGameNo "20002949"]
[White "Beach"]
[Black "endgamepro"]
[WhiteElo "1560"]
[BlackElo "1472"]
[WhiteRD "na"]
[BlackRD "na"]
[TimeControl "180+3"]
[Date "1999.10.22"]
[Time "20:14:00"]
[WhiteClock "0:03:00.000"]
[BlackClock "0:03:00.000"]
[ECO "C42"]
[PlyCount "52"]
[Result "0-1"]

1. e4 e5 2. Nf3 Nf6 3. Nxe5 d6 4. Nf3 Nxe4 5. d3 Nf6 6. Nc3 Qe7+ 7. Be2 Be6 8. Bg5 g6 9. O-O Bg7 10. Re1 O-O 11. Qd2 Qd7 12. Bh6 Ng4 13. Bxg7 Kxg7 14. d4 Bf5 15. h3 Nh6 16. Nh4 Bxh3 17. gxh3 Qxh3 18. Qf4 f6 19. Ne4 g5 20. Nxg5 fxg5 21. Qxg5+ Kh8 22. Bf1 Qe6 23. Rxe6 Nf7 24. Qh6 Rg8+ 25. Rg6 Nc6 26. Rxg8+ Rxg8+ {White resigns} 0-1

[Event "FICS rated blitz game"]
[Site "FICS freechess.org"]
[FICSGamesDBGameNo "20002948"]
[White "TopKing"]
[Black "krajan"]
[WhiteElo "1194"]
[BlackElo "1231"]
[WhiteRD "na"]
[BlackRD "na"]
[TimeControl "600+7"]
[Date "1999.10.22"]
[Time "19:52:00"]
[WhiteClock "0:10:00.000"]
[BlackClock "0:10:00.000"]
[ECO "C00"]
[PlyCount "43"]
[Result "1-0"]

1. e4 e6 2. d4 Bb4+ 3. c3 Ba5 4. Be2 Nc6 5. Nf3 d5 6. e5 a6 7. O-O f6 8. Bf4 fxe5 9. Nxe5 Qf6 10. Qd2 Nxe5 11. Bxe5 Qg6 12. Bd3 Qf7 13. Qg5 Nf6 14. Nd2 O-O 15. f4 c6 16. f5 b6 17. fxe6 Qxe6 18. Bf5 Qe7 19. Nb3 Ra7 20. Nxa5 bxa5 21. Bxc8 Ra8 22. Bf5 {Black resigns} 1-0

[Event "FICS rated blitz game"]
[Site "FICS freechess.org"]
[FICSGamesDBGameNo "20002947"]
[White "Alci"]
[Black "sonikf"]
[WhiteElo "1499"]
[BlackElo "1558"]
[WhiteRD "na"]
[BlackRD "na"]
[TimeControl "180+0"]
[Date "1999.10.22"]
[Time "18:37:00"]
[WhiteClock "0:03:00.000"]
[BlackClock "0:03:00.000"]
[ECO "C68"]
[PlyCount "119"]
[Result "1-0"]

1. e4 e5 2. Nf3 Nc6 3. Bb5 a6 4. Bxc6 dxc6 5. O-O Bg4 6. d4 exd4 7. Qxd4 Bxf3 8. Qxd8+ Rxd8 9. gxf3 Bd6 10. Be3 Ne7 11. Nc3 O-O 12. Rad1 Ng6 13. Ne2 Be5 14. c3 Bf6 15. f4 Bh4 16. Ng3 Rfe8 17. Kg2 Bxg3 18. hxg3 Rxd1 19. Rxd1 f6 20. Kf3 Kf7 21. Rd7+ Re7 22. Rxe7+ Kxe7 23. Bc5+ Ke6 24. f5+ Kf7 25. fxg6+ Kxg6 26. Be7 Kf7 27. Bd8 Ke6 28. Bxc7 Kd7 29. Bb6 g6 30. Bc5 h6 31. Bf8 h5 32. g4 h4 33. g5 fxg5 34. Kg4 Ke6 35. Bh6 Ke5 36. f3 h3 37. Bxg5 h2 38. Bf4+ Kf6 39. Bxh2 b6 40. e5+ Kf7 41. Kg5 a5 42. c4 b5 43. cxb5 cxb5 44. b3 a4 45. bxa4 bxa4 46. a3 Kg7 47. e6 Kf8 48. Bd6+ Kg7 49. e7 Kf7 50. f4 Ke8 51. Kxg6 Kd7 52. Bb4 Ke8 53. f5 Kd7 54. f6 Ke8 55. f7+ Kd7 56. e8=Q+ Kc7 57. f8=Q Kb6 58. Qc5+ Kb7 59. Qd7+ Ka6 60. Qdb5# {Black checkmated} 1-0

[Event "FICS rated blitz game"]
[Site "FICS freechess.org"]
[FICSGamesDBGameNo "20002946"]
[White "RSD"]
[Black "Uther"]
[WhiteElo "1443"]
[BlackElo "1471"]
[WhiteRD "na"]
[BlackRD "na"]
[TimeControl "240+0"]
[Date "1999.10.22"]
[Time "18:20:00"]
[WhiteClock "0:04:00.000"]
[BlackClock "0:04:00.000"]
[ECO "C18"]
[PlyCount "45"]
[Result "1-0"]

1. e4 e6 2. d4 d5 3. Nc3 Bb4 4. e5 c5 5. a3 Bxc3+ 6. bxc3 Ne7 7. Qg4 Qc7 8. Qxg7 Rg8 9. Qh6 cxd4 10. Kd1 Qxc3 11. Rb1 Qc7 12. Nf3 Nbc6 13. Bb5 a6 14. Bxc6+ Qxc6 15. Nxd4 Qc4 16. Rb4 Qc5 17. Bg5 a5 18. Bxe7 Kxe7 19. Qf6+ Ke8 20. Nxe6 Bxe6 21. Rxb7 Qd4+ 22. Kc1 Ra7 23. Qe7# {Black checkmated} 1-0

[Event "FICS rated blitz game"]
[Site "FICS freechess.org"]
[FICSGamesDBGameNo "20002945"]
[White "deathbird"]
[Black "Jepi"]
[WhiteElo "1051"]
[BlackElo "881"]
[WhiteRD "na"]
[BlackRD "na"]
[TimeControl "300+5"]
[Date "1999.10.22"]
[Time "17:27:00"]
[WhiteClock "0:05:00.000"]
[BlackClock "0:05:00.000"]
[ECO "A40"]
[PlyCount "52"]
[Result "0-1"]

1. d4 Nc6 2. Bf4 Nf6 3. Nc3 d5 4. Nf3 e6 5. e3 a6 6. Bd3 Nb4 7. a3 Nxd3+ 8. Qxd3 Ng4 9. O-O Bd6 10. h3 Bxf4 11. exf4 Nf6 12. Ne5 O-O 13. g4 Nd7 14. Qf3 Nxe5 15. fxe5 Qg5 16. h4 Qxh4 17. Ne2 f6 18. Nf4 fxe5 19. dxe5 Qg5 20. Qc3 Rxf4 21. f3 h5 22. Kf2 hxg4 23. Ke2 gxf3+ 24. Rxf3 Qg2+ 25. Ke3 Re4+ 26. Kd3 Qe2# {White checkmated} 0-1

[Event "FICS rated standard game"]
[Site "FICS freechess.org"]
[FICSGamesDBGameNo "20002944"]
[White "sicrik"]
[Black "curvedspace"]
[WhiteElo "1570"]
[BlackElo "1490"]
[WhiteRD "na"]
[BlackRD "na"]
[TimeControl "900+5"]
[Date "1999.10.22"]
[Time "17:17:00"]
[WhiteClock "0:15:00.000"]
[BlackClock "0:15:00.000"]
[ECO "B15"]
[PlyCount "40"]
[Result "0-1"]

1. e4 c6 2. d4 d5 3. Nc3 e6 4. Nf3 Bb4 5. exd5 cxd5 6. Bd2 Nf6 7. Nb5 Nc6 8. c3 Be7 9. Bf4 O-O 10. Ne5 a6 11. Nxc6 bxc6 12. Nc7 Ra7 13. Qa4 Rxc7 14. Bxc7 Qxc7 15. Bxa6 Bxa6 16. Qxa6 c5 17. dxc5 Bxc5 18. O-O Rb8 19. b4 Qa7 20. Qc6 Bb6 {White forfeits on time} 0-1

[Event "FICS rated blitz game"]
[Site "FICS freechess.org"]
[FICSGamesDBGameNo "20002943"]
[White "umbyk"]
[Black "InControl"]
[WhiteElo "1598"]
[BlackElo "1485"]
[WhiteRD "na"]
[BlackRD "na"]
[TimeControl "300+0"]
[Date "1999.10.22"]
[Time "16:55:00"]
[WhiteClock "0:05:00.000"]
[BlackClock "0:05:00.000"]
[ECO "C45"]
[PlyCount "83"]
[Result "1-0"]

1. e4 e5 2. Nf3 Nc6 3. d4 exd4 4. Nxd4 Nxd4 5. Qxd4 d6 6. Bc4 Qf6 7. Qd3 Be6 8. Nc3 c6 9. O-O O-O-O 10. Bxe6+ fxe6 11. Be3 Kb8 12. Qc4 d5 13. exd5 exd5 14. Qf4+ Bd6 15. Qxf6 Nxf6 16. Bg5 h6 17. Bxf6 gxf6 18. Rfe1 Rhg8 19. Ne2 Rg7 20. Nd4 Rdg8 21. g3 Rg6 22. Nf5 Bc7 23. Ne7 Be5 24. Nxg6 Rxg6 25. c3 d4 26. cxd4 Bxd4 27. Rab1 Kc7 28. Kg2 f5 29. Re7+ Kd6 30. Rxb7 f4 31. Rd1 c5 32. Rxa7 fxg3 33. Ra6+ Ke7 34. Rxg6 gxf2 35. Rxh6 f1=B+ 36. Kxf1 Bxb2 37. a4 Ba3 38. a5 c4 39. a6 Bc5 40. Rc1 Be3 41. Rh7+ Kf6 42. Rxc4 {Black forfeits on time} 1-0

[Event "FICS rated blitz game"]
[Site "FICS freechess.org"]
[FICSGamesDBGameNo "20002942"]
[White "raerae"]
[Black "Tyrant"]
[WhiteElo "1327"]
[BlackElo "1207"]
[WhiteRD "na"]
[BlackRD "na"]
[TimeControl "120+12"]
[Date "1999.10.22"]
[Time "16:30:00"]
[WhiteClock "0:02:00.000"]
[BlackClock "0:02:00.000"]
[ECO "A48"]
[PlyCount "81"]
[Result "1-0"]

1. d4 Nf6 2. Nf3 g6 3. Bg5 Bg7 4. e3 O-O 5. Bd3 d6 6. Nbd2 Nbd7 7. c3 e5 8. O-O Re8 9. Rc1 h6 10. Bxf6 Qxf6 11. dxe5 Nxe5 12. Nxe5 Rxe5 13. Nf3 Rh5 14. Be2 Bg4 15. h3 Bxh3 16. Nh2 Bxg2 17. Kxg2 Qg5+ 18. Kh1 Rh4 19. Rg1 Qf5 20. Qf1 Be5 21. f4 Bf6 22. Bg4 Qe4+ 23. Qf3 Re8 24. Rce1 h5 25. Qxe4 Rxe4 26. Bf3 Re7 27. Bxb7 Kf8 28. Bd5 Ke8 29. Kg2 Kd8 30. Kg3 Kd7 31. Nf3 Rg4+ 32. Kf2 Rxg1 33. Rxg1 c6 34. Bb3 d5 35. Rd1 Kd6 36. Rd2 Re6 37. c4 Kc7 38. cxd5 cxd5 39. Bxd5 Rb6 40. b3 Be7 41. Bxf7 {Black resigns} 1-0

[Event "FICS rated lightning game"]
[Site "FICS freechess.org"]
[FICSGamesDBGameNo "20002941"]
[White "IlliniMojo"]
[Black "DrEskimo"]
[WhiteElo "1277"]
[BlackElo "1499"]
[WhiteRD "na"]
[BlackRD "na"]
[TimeControl "120+0"]
[Date "1999.10.22"]
[Time "16:02:00"]
[WhiteClock "0:02:00.000"]
[BlackClock "0:02:00.000"]
[ECO "C01"]
[PlyCount "46"]
[Result "0-1"]

1. e4 e6 2. Nf3 d5 3. exd5 exd5 4. d4 Bd6 5. Bb5+ c6 6. Ba4 Ne7 7. Nc3 f6 8. Be3 Bg4 9. Qd3 Bxf3 10. gxf3 Nd7 11. O-O-O Qc7 12. Bb3 O-O-O 13. Rhg1 g6 14. Kd2 Nf5 15. a4 Bf4 16. Bxf4 Qxf4+ 17. Ke2 Nxd4+ 18. Kf1 Nxf3 19. Rg3 Nxh2+ 20. Kg2 Ng4 21. Rf3 Qh2+ 22. Kf1 Rde8 23. Rg3 Qxf2# {White checkmated} 0-1

[Event "FICS rated blitz game"]
[Site "FICS freechess.org"]
[FICSGamesDBGameNo "20002940"]
[White "Tore"]
[Black "Incitatus"]
[WhiteElo "1572"]
[BlackElo "1539"]
[WhiteRD "na"]
[BlackRD "na"]
[TimeControl "300+0"]
[Date "1999.10.22"]
[Time "15:10:00"]
[WhiteClock "0:05:00.000"]
[BlackClock "0:05:00.000"]
[ECO "A10"]
[PlyCount "66"]
[Result "1/2-1/2"]

1. c4 f5 2. Nc3 Nf6 3. d4 d5 4. cxd5 Nxd5 5. e3 e6 6. Bd3 c6 7. Nf3 Nd7 8. Nxd5 cxd5 9. O-O Be7 10. a3 O-O 11. b4 Nf6 12. Ne5 Ne4 13. Bd2 Nxd2 14. Qxd2 Bd7 15. Rac1 Bf6 16. Rc3 Bxe5 17. dxe5 Qe7 18. Rfc1 Rfc8 19. Rxc8+ Rxc8 20. Rxc8+ Bxc8 21. Qc3 Qd7 22. g3 Kf7 23. Qc5 b6 24. Qd4 Qc7 25. Qh4 Kg8 26. Bb5 Bd7 27. Qe7 Qc1+ 28. Kg2 Bxb5 29. Qxe6+ Kf8 30. Qd6+ Ke8 31. Qe6+ Kf8 32. Qd6+ Ke8 33. Qe6+ Kf8 {Game drawn by repetition} 1/2-1/2

[Event "FICS rated blitz game"]
[Site "FICS freechess.org"]
[FICSGamesDBGameNo "20002938"]
[White "CowboyM"]
[Black "TheHorseman"]
[WhiteElo "1709"]
[BlackElo "1457"]
[WhiteRD "na"]
[BlackRD "na"]
[TimeControl "300+1"]
[Date "1999.10.22"]
[Time "12:56:00"]
[WhiteClock "0:05:00.000"]
[BlackClock "0:05:00.000"]
[ECO "D10"]
[PlyCount "37"]
[Result "1-0"]

1. d4 d5 2. c4 c6 3. Nc3 Bf5 4. cxd5 cxd5 5. Qb3 Qd7 6. e4 dxe4 7. Bb5 Nc6 8. d5 O-O-O 9. dxc6 Qd4 10. Ba6 Qb6 11. Bxb7+ Kb8 12. Bf4+ e5 13. Bxe5+ Bd6 14. Qd5 Bxe5 15. Qxe5+ Qc7 16. Qxf5 f6 17. Nd5 Qb6 18. Qf4+ Qc7 19. Qxc7# {Black checkmated} 1-0

[Event "FICS rated blitz game"]
[Site "FICS freechess.org"]
[FICSGamesDBGameNo "20002936"]
[White "horsewood"]
[Black "Blekleroc"]
[WhiteElo "1476"]
[BlackElo "1415"]
[WhiteRD "na"]
[BlackRD "na"]
[TimeControl "120+12"]
[Date "1999.10.22"]
[Time "12:35:00"]
[WhiteClock "0:02:00.000"]
[BlackClock "0:02:00.000"]
[ECO "C54"]
[PlyCount "67"]
[Result "1-0"]

1. e4 e5 2. Nf3 Nc6 3. Bc4 Bc5 4. c3 Nf6 5. d3 d6 6. h3 Na5 7. Bb5+ c6 8. Ba4 b5 9. Bc2 b4 10. O-O h6 11. cxb4 Bxb4 12. a3 Bc5 13. b4 Bxf2+ 14. Rxf2 Nb7 15. Nc3 O-O 16. Nh2 a5 17. b5 Nc5 18. bxc6 Ba6 19. Nd5 Ne8 20. Bd2 Bb5 21. Be3 Bxc6 22. Bxc5 dxc5 23. Bb3 Rb8 24. Bc4 Bb5 25. Ng4 Bxc4 26. dxc4 f5 27. exf5 Nc7 28. Nxe5 Nxd5 29. Qxd5+ Qxd5 30. cxd5 Rbe8 31. Ng6 Rf6 32. Rd1 Re5 33. Nxe5 Rb6 34. Nd7 {Black resigns} 1-0

[Event "FICS rated blitz game"]
[Site "FICS freechess.org"]
[FICSGamesDBGameNo "20002935"]
[White "CanbiteU"]
[Black "sleepknight"]
[WhiteElo "1518"]
[BlackElo "1407"]
[WhiteRD "na"]
[BlackRD "na"]
[TimeControl "120+12"]
[Date "1999.10.22"]
[Time "12:21:00"]
[WhiteClock "0:02:00.000"]
[BlackClock "0:02:00.000"]
[ECO "C02"]
[PlyCount "119"]
[Result "1-0"]

1. e4 e6 2. d4 d5 3. e5 c5 4. c3 Nc6 5. Nf3 cxd4 6. cxd4 Qb6 7. Nc3 Bd7 8. Be2 Nge7 9. O-O Nf5 10. Na4 Qc7 11. g4 Nfe7 12. Bg5 Ng6 13. Rc1 Qa5 14. Bd2 Qd8 15. Nc5 Bxc5 16. Rxc5 O-O 17. Be3 b6 18. Rc1 Na5 19. b4 Nc6 20. a3 a5 21. Bb5 axb4 22. Bxc6 Bxc6 23. Rxc6 bxa3 24. Qb3 a2 25. Ra1 Qd7 26. Rc2 Rfc8 27. Rcxa2 Rxa2 28. Qxa2 h6 29. Qb2 Rc6 30. Kg2 Qc7 31. Rb1 Rc2 32. Qxb6 Qc3 33. Qb3 Qc7 34. Rb2 Rc3 35. Qb8+ Qxb8 36. Rxb8+ Kh7 37. h4 Rc7 38. h5 Ne7 39. Rb5 f5 40. Nh2 fxg4 41. Nxg4 Nf5 42. Rc5 Rf7 43. Rc6 Re7 44. Kh3 Nxe3 45. Nxe3 g6 46. Kg4 g5 47. f4 gxf4 48. Kxf4 Rf7+ 49. Kg4 Re7 50. Kh4 Kg7 51. Ng4 Kh7 52. Nf6+ Kg7 53. Rc8 Ra7 54. Rg8+ Kf7 55. Rh8 Ra4 56. Rxh6 Rxd4+ 57. Kg3 Rd3+ 58. Kf4 Rd1 59. Rh7+ Kf8 60. h6 {Black resigns} 1-0

[Event "FICS rated blitz game"]
[Site "FICS freechess.org"]
[FICSGamesDBGameNo "20002933"]
[White "enebro"]
[Black "navan"]
[WhiteElo "1434"]
[BlackElo "1649"]
[WhiteRD "na"]
[BlackRD "na"]
[TimeControl "240+0"]
[Date "1999.10.22"]
[Time "11:39:00"]
[WhiteClock "0:04:00.000"]
[BlackClock "0:04:00.000"]
[ECO "C00"]
[PlyCount "140"]
[Result "0-1"]

1. e4 e6 2. c4 d5 3. cxd5 exd5 4. exd5 Qxd5 5. Nc3 Qd8 6. Nf3 Nf6 7. Bb5+ c6 8. Bc4 Be7 9. Ng5 O-O 10. d3 Bg4 11. Nf3 Nbd7 12. h3 Bh5 13. g4 Nxg4 14. hxg4 Bxg4 15. Be3 Ne5 16. Qd2 Nxc4 17. dxc4 Bxf3 18. Rh3 Qxd2+ 19. Kxd2 Bg4 20. Rg3 Rad8+ 21. Kc2 Bf5+ 22. Kb3 Bg6 23. Rag1 b6 24. f4 f5 25. Ne2 Bc5 26. Bxc5 bxc5 27. Nc3 Rfe8 28. Na4 Rb8+ 29. Ka3 Re2 30. b3 Rd8 31. Nxc5 Rdd2 32. Ra1 Rf2 33. Ne6 Kf7 34. Ng5+ Kf6 35. Re3 Rxf4 36. Nh3 Re4 37. Rf3 h5 38. Nf4 Rdd4 39. Nxg6 Kxg6 40. Rg1+ Kf6 41. Rfg3 Rg4 42. Rxg4 hxg4 43. Kb4 Rd2 44. a4 Ke6 45. Kc5 Kd7 46. Rh1 Re2 47. Rh7 Re7 48. Rh5 Rf7 49. Rh8 g3 50. Ra8 g2 51. Rxa7+ Ke6 52. Rxf7 Kxf7 53. Kxc6 g1=Q 54. c5 Qd4 55. Kb5 f4 56. b4 f3 57. a5 f2 58. a6 f1=Q+ 59. Ka5 Qfa1+ 60. Kb6 Qd8+ 61. Kb5 Qb8+ 62. Kc4 Qxa6+ 63. Kd5 Qab5 64. Ke4 Q8b7+ 65. Kd4 Qxb4+ 66. Kd3 Qc6 67. Ke3 Qcxc5+ 68. Kd3 Qcc3+ 69. Ke2 Qbb2+ 70. Kd1 Qcc1# {White checkmated} 0-1

[Event "FICS rated standard game"]
[Site "FICS freechess.org"]
[FICSGamesDBGameNo "20002932"]
[White "tozz"]
[Black "AndrewD"]
[WhiteElo "1580"]
[BlackElo "1420"]
[WhiteRD "na"]
[BlackRD "na"]
[TimeControl "240+29"]
[Date "1999.10.22"]
[Time "11:25:00"]
[WhiteClock "0:04:00.000"]
[BlackClock "0:04:00.000"]
[ECO "C62"]
[PlyCount "51"]
[Result "1-0"]

1. e4 e5 2. Nf3 Nc6 3. Bb5 d6 4. d4 Bd7 5. O-O a6 6. Ba4 b5 7. Bb3 Bg4 8. Bxf7+ Kxf7 9. Ng5+ Ke8 10. Qxg4 Nxd4 11. Qh5+ g6 12. Qd1 Bh6 13. c3 Bxg5 14. Bxg5 Qxg5 15. cxd4 Kd7 16. Nc3 Ne7 17. dxe5 Qxe5 18. f4 Qc5+ 19. Kh1 h5 20. Qd2 Raf8 21. Rad1 Nc8 22. e5 Kc6 23. Ne4 Qb6 24. Qd5+ Kd7 25. Nc5+ Qxc5 26. Qxc5 {Black resigns} 1-0

[Event "FICS rated blitz game"]
[Site "FICS freechess.org"]
[FICSGamesDBGameNo "20002931"]
[White "arnakovitch"]
[Black "binger"]
[WhiteElo "1553"]
[BlackElo "1285"]
[WhiteRD "na"]
[BlackRD "na"]
[TimeControl "300+0"]
[Date "1999.10.22"]
[Time "11:17:00"]
[WhiteClock "0:05:00.000"]
[BlackClock "0:05:00.000"]
[ECO "D20"]
[PlyCount "57"]
[Result "1-0"]

1. d4 d5 2. c4 dxc4 3. e4 e5 4. d5 Bb4+ 5. Nc3 Nf6 6. Qc2 c5 7. Bxc4 a6 8. Nf3 b5 9. Bb3 c4 10. Bxc4 bxc4 11. Nxe5 Bc5 12. O-O Qd6 13. Nxc4 Qd7 14. Bg5 h6 15. Bf4 g5 16. Be5 Be7 17. Rad1 Qg4 18. Nb6 Qh5 19. Nxa8 Ng4 20. Bxb8 Nxh2 21. Bxh2 Qg4 22. Nc7+ Kf8 23. d6 h5 24. dxe7+ Kxe7 25. N3d5+ Kf8 26. Nf6 Qh4 27. Rd8+ Kg7 28. Rxh8 Kxh8 29. Bg3 {Black resigns} 1-0

[Event "FICS rated lightning game"]
[Site "FICS freechess.org"]
[FICSGamesDBGameNo "20002930"]
[White "Fideli"]
[Black "fighterone"]
[WhiteElo "1909"]
[BlackElo "1552"]
[WhiteRD "na"]
[BlackRD "na"]
[TimeControl "60+0"]
[Date "1999.10.22"]
[Time "11:16:00"]
[WhiteClock "0:01:00.000"]
[BlackClock "0:01:00.000"]
[ECO "A45"]
[PlyCount "65"]
[Result "1-0"]

1. d4 Nf6 2. e3 e6 3. c4 d6 4. Nf3 Nc6 5. a3 a5 6. Bd2 b6 7. b4 axb4 8. Be2 bxa3 9. Rxa3 Rxa3 10. Nxa3 Bd7 11. Nb1 Be7 12. Bd3 O-O 13. e4 e5 14. d5 Nd4 15. Nxd4 exd4 16. O-O c6 17. Qc2 c5 18. Qc1 Ng4 19. h3 Ne5 20. Be2 f5 21. exf5 Bxf5 22. Bf4 Nd3 23. Bxd3 Bxd3 24. Re1 Bxb1 25. Qxb1 Bg5 26. Bxg5 Qxg5 27. Qc1 Qf5 28. f3 Qd3 29. Qd1 Qxc4 30. Qe2 Qxd5 31. Qe6+ Qxe6 32. Rxe6 d3 33. Rxd6 {Black forfeits on time} 1-0

[Event "FICS rated blitz game"]
[Site "FICS freechess.org"]
[FICSGamesDBGameNo "20002928"]
[White "GTom"]
[Black "amssp"]
[WhiteElo "1202"]
[BlackElo "1073"]
[WhiteRD "na"]
[BlackRD "na"]
[TimeControl "120+10"]
[Date "1999.10.22"]
[Time "10:35:00"]
[WhiteClock "0:02:00.000"]
[BlackClock "0:02:00.000"]
[ECO "C50"]
[PlyCount "22"]
[Result "0-1"]

1. e4 e5 2. Nf3 Nc6 3. Bc4 h6 4. O-O Nf6 5. Nc3 d6 6. d4 Nb4 7. dxe5 dxe5 8. Bxf7+ Ke7 9. Qxd8+ Kxd8 10. Rd1+ Ke7 11. Bb3 Nc6 {White forfeits on time} 0-1

[Event "FICS rated blitz game"]
[Site "FICS freechess.org"]
[FICSGamesDBGameNo "20002927"]
[White "navier"]
[Black "plouc"]
[WhiteElo "1814"]
[BlackElo "1584"]
[WhiteRD "na"]
[BlackRD "na"]
[TimeControl "300+0"]
[Date "1999.10.22"]
[Time "10:31:00"]
[WhiteClock "0:05:00.000"]
[BlackClock "0:05:00.000"]
[ECO "C66"]
[PlyCount "89"]
[Result "1-0"]

1. e4 e5 2. Nf3 Nc6 3. Bb5 Nf6 4. O-O d6 5. c3 Bd7 6. Re1 Be7 7. d4 exd4 8. cxd4 a6 9. Ba4 b5 10. Bc2 O-O 11. Bg5 Bg4 12. Be3 d5 13. e5 Ne4 14. h3 Bh5 15. g4 Bg6 16. Nbd2 Nxd2 17. Qxd2 Bxc2 18. Qxc2 Qd7 19. a3 f6 20. Rac1 Na5 21. Qxc7 Qxc7 22. Rxc7 Bd8 23. Rd7 Nc4 24. Rxd5 fxe5 25. Nxe5 Nxe3 26. Rxe3 Bh4 27. Rf3 Rxf3 28. Nxf3 Bf6 29. g5 Rd8 30. Rxd8+ Bxd8 31. Kg2 h6 32. gxh6 gxh6 33. Kg3 Bf6 34. Kf4 Kf7 35. Kf5 Ke7 36. Ne5 Bg5 37. f4 Bh4 38. b3 Be1 39. d5 h5 40. a4 bxa4 41. bxa4 h4 42. Nc4 Bc3 43. Kg6 Bf6 44. d6+ Ke6 45. f5+ {Black resigns} 1-0

[Event "FICS rated blitz game"]
[Site "FICS freechess.org"]
[FICSGamesDBGameNo "20002926"]
[White "jmchess"]
[Black "kajani"]
[WhiteElo "1642"]
[BlackElo "1543"]
[WhiteRD "na"]
[BlackRD "na"]
[TimeControl "300+2"]
[Date "1999.10.22"]
[Time "10:15:00"]
[WhiteClock "0:05:00.000"]
[BlackClock "0:05:00.000"]
[ECO "B85"]
[PlyCount "165"]
[Result "1/2-1/2"]

1. e4 c5 2. Nf3 d6 3. d4 cxd4 4. Nxd4 Nf6 5. Nc3 e6 6. Be2 Be7 7. Be3 O-O 8. O-O a6 9. Kh1 Nc6 10. f4 Qc7 11. a4 Bd7 12. Nb3 Rad8 13. a5 Rc8 14. Bb6 Qb8 15. Qd2 Be8 16. Rad1 Nd7 17. Bd3 Nxb6 18. axb6 Bd8 19. Qe3 Qa8 20. f5 Bd7 21. fxe6 Bxe6 22. Qf4 Bxb6 23. Qxd6 Qb8 24. Qxb8 Rxb8 25. Nd5 Ba7 26. c4 Rbd8 27. Nd2 Ne5 28. Be2 Rd7 29. Nf3 Ng4 30. Ng5 Nf2+ 31. Rxf2 Bxf2 32. Bf3 Ba7 33. Nxe6 fxe6 34. Nf6+ Rxf6 35. Rxd7 Rf7 36. Rd8+ Rf8 37. Rd6 e5 38. b4 Bd4 39. c5 g5 40. h3 Kg7 41. Bg4 Rf1+ 42. Kh2 Bg1+ 43. Kg3 Bf2+ 44. Kh2 Bg1+ 45. Kg3 Bf2+ 46. Kf3 Bxc5+ 47. Ke2 Bxd6 48. Kxf1 Bxb4 49. Bc8 a5 50. Bxb7 Kf6 51. Bd5 Ke7 52. Ke2 Kd6 53. Kd3 Kc5 54. Bg8 h6 55. Bd5 Be1 56. Kc2 Kd4 57. Kd1 Bb4 58. Ke2 Kc3 59. Kf3 a4 60. Kg4 a3 61. Kf5 Bd6 62. Kg6 Bf8 63. Kf7 Bd6 64. Ke6 Bc7 65. Kf7 Bd6 66. Kg6 Bf8 67. Kf5 Bd6 68. Ba2 Kb2 69. Bd5 a2 70. Bxa2 Kxa2 71. Kg6 Kb3 72. Kxh6 Be7 73. Kg6 Kc4 74. Kf7 Kd4 75. Kxe7 Kxe4 76. Ke6 Kf4 77. g3+ Kxg3 78. Kxe5 Kxh3 79. Ke4 g4 80. Ke3 g3 81. Kf3 Kh2 82. Ke4 g2 83. Ke3 {Black ran out of time and White has no material to mate} 1/2-1/2

[Event "FICS rated blitz game"]
[Site "FICS freechess.org"]
[FICSGamesDBGameNo "20002925"]
[White "Bulawayo"]
[Black "Squonk"]
[WhiteElo "1535"]
[BlackElo "1419"]
[WhiteRD "na"]
[BlackRD "na"]
[TimeControl "120+12"]
[Date "1999.10.22"]
[Time "10:07:00"]
[WhiteClock "0:02:00.000"]
[BlackClock "0:02:00.000"]
[ECO "A02"]
[PlyCount "71"]
[Result "1-0"]

1. f4 h6 2. Nf3 e6 3. e3 g5 4. fxg5 hxg5 5. d4 Bg7 6. e4 g4 7. Ng5 Bh6 8. Qxg4 Bxg5 9. Bxg5 Nh6 10. Qxe6+ dxe6 11. Bxd8 Kxd8 12. h3 Nc6 13. c3 f5 14. Nd2 fxe4 15. Nxe4 Nf5 16. Bd3 Rg8 17. g4 Ne3 18. Rg1 e5 19. Ke2 exd4 20. cxd4 Nxg4 21. hxg4 Nxd4+ 22. Ke3 Nc6 23. Rad1 Ke7 24. g5 Be6 25. b3 Nb4 26. Nf6 Nd5+ 27. Nxd5+ Bxd5 28. Bf5 Rad8 29. Kf4 Kf7 30. Rde1 c6 31. Re5 Rd6 32. Rge1 Kg7 33. Re7+ Bf7 34. g6 Rd4+ 35. Kg5 Kf8 36. Rxf7# {Black checkmated} 1-0

[Event "FICS rated lightning game"]
[Site "FICS freechess.org"]
[FICSGamesDBGameNo "20002923"]
[White "sidereal"]
[Black "oZZieK(FM)"]
[WhiteElo "1873"]
[BlackElo "2134"]
[WhiteRD "na"]
[BlackRD "na"]
[TimeControl "60+0"]
[Date "1999.10.22"]
[Time "09:52:00"]
[WhiteClock "0:01:00.000"]
[BlackClock "0:01:00.000"]
[ECO "B06"]
[PlyCount "78"]
[Result "0-1"]

1. e4 d6 2. d4 g6 3. Nc3 Bg7 4. f3 c6 5. Be3 Qb6 6. Qd2 Nf6 7. O-O-O Nbd7 8. h4 h5 9. Nh3 Qa5 10. Ng5 b5 11. Kb1 Nb6 12. d5 b4 13. Ne2 cxd5 14. exd5 Nfxd5 15. Nd4 Bb7 16. Bf2 Rc8 17. Bb5+ Kf8 18. Bg3 Nc4 19. Bxc4 Rxc4 20. Nb3 Nc3+ 21. bxc3 Bxc3 22. Nxa5 Bxd2 23. Nxb7 Bc3 24. Na5 Rc5 25. Nb3 Rc7 26. Rd3 Kg7 27. Rhd1 a5 28. Re3 a4 29. Nd2 Rb8 30. Nde4 Be5 31. c4 Bxg3 32. Rd2 Bf4 33. Rc2 Bxe3 34. Kb2 Bd4+ 35. Kb1 b3 36. axb3 axb3 37. Rd2 Be5 38. g4 Ra8 39. gxh5 Ra1# {White checkmated} 0-1

[Event "FICS rated blitz game"]
[Site "FICS freechess.org"]
[FICSGamesDBGameNo "20002922"]
[White "JanisPelkovalis"]
[Black "pimkees"]
[WhiteElo "1574"]
[BlackElo "1355"]
[WhiteRD "na"]
[BlackRD "na"]
[TimeControl "180+0"]
[Date "1999.10.22"]
[Time "09:11:00"]
[WhiteClock "0:03:00.000"]
[BlackClock "0:03:00.000"]
[ECO "B00"]
[PlyCount "51"]
[Result "1-0"]

1. e4 Nc6 2. Nf3 d5 3. exd5 Qxd5 4. Nc3 Qa5 5. d4 Nf6 6. Be2 Bg4 7. O-O O-O-O 8. Be3 e5 9. h3 Bxf3 10. Bxf3 exd4 11. Bg4+ Kb8 12. b4 Qxb4 13. Rb1 Qd6 14. Nb5 Qe5 15. Bd2 d3 16. Bc3 Qd5 17. Bf3 Qd7 18. cxd3 Bd6 19. Nxd6 Qxd6 20. Be2 Rhe8 21. Qc2 Nd4 22. Bxd4 Qxd4 23. Rfd1 Nd5 24. Bf3 c6 25. Qxc6 Rc8 26. Qxb7# {Black checkmated} 1-0